 Dungeon Crawl Stone Soup version 0.26.1-2-gb8aa6d0cf2 (webtiles) character file.

Game seed: 12048889068615788392

51 sking99 the Magician (level 3, -1/32 HPs)
             Began as a Naga Wanderer on Feb 18, 2021.
             Slain by an adder (3 damage)
             ... on level 2 of the Dungeon.
             The game lasted 00:04:55 (2297 turns).

sking99 the Magician (Naga Wanderer)                Turns: 2297, Time: 00:04:55

Health: -1/32      AC:  2    Str: 13    XL:     3   Next: 83%
Magic:  8/8        EV:  9    Int: 11    God:
Gold:   48         SH:  0    Dex: 13    Spells: 10/10 levels left

rFire    . . .     SeeInvis +   i - +0 war axe
rCold    . . .     Faith    .   (no shield)
rNeg     . . .     Spirit   .   d - +0 robe
rPois    +         Reflect  .   (no helmet)
rElec    .         Harm     .   (no cloak)
rCorr    .         Rampage  .   (no gloves)
Will     .....                  (no barding)
Stlth    ++........             (no amulet)
HPRegen  0.10/turn              (no ring)
MPRegen  0.11/turn              (no ring)

@: short of breath, very slow
A: large, see invisible, deformed body, poison resistance, slowness 2, spit
poison 1, AC +1
a: Spit Poison


You were on level 2 of the Dungeon.
You visited 1 branch of the dungeon, and saw 2 of its levels.

You collected 48 gold pieces.

Inventory:

Hand Weapons
 a - a +0 dagger
 b - a +0 short sword
 i - a +0 war axe (weapon)
Armour
 d - a +0 robe (worn)
Jewellery
 f - a +6 ring of dexterity {unknown}
Scrolls
 c - 2 scrolls of teleportation
 e - a scroll of enchant armour {unknown}
 h - a scroll of identify {unknown}
Potions
 g - 2 potions of heal wounds {unknown}


   Skills:
 + Level 1.7 Fighting
 - Level 1.5 Short Blades
 + Level 0.4 Axes
 - Level 1.0 Throwing
 + Level 2.9 Stealth
 - Level 1.0 Shields
 - Level 4.0 Spellcasting
 - Level 1.0 Fire Magic
 - Level 1.0 Earth Magic
 - Level 2.6 Poison Magic


You had 10 spell levels left.
You didn't know any spells.
Your spell library contained the following spells:

 Spells                   Type           Power        Failure   Level
 Magic Dart               Conj           8%           24%         1
 Shock                    Conj/Air       8%           24%         1
 Blink                    Tloc           N/A          34%         2
 Call Imp                 Summ           2%           34%         2
 Slow                     Hex            2%           34%         2
 Mephitic Cloud           Conj/Pois/Air  4%           45%         3
 Conjure Flame            Conj/Fire      3%           50%         3


Dungeon Overview and Level Annotations

Branches:
Dungeon (2/15)

Altars:


Innate Abilities, Weirdness & Mutations

You cannot wear boots.
Your serpentine skin is tough. (AC +1)
You have supernaturally acute eyesight. (SInv)
Armour fits poorly on your strangely shaped body.
Your system is resistant to poisons. (rPois)
You cover ground very slowly.
You can spit poison.


Message History

* * * LOW HITPOINT WARNING * * *
Press: ? - help, Shift-Dir - straight line, f/p - adder
Aim: an adder (heavily wounded)
The splash of poison misses the adder.
The adder barely misses you. The adder bites you.
* * * LOW HITPOINT WARNING * * *
You hit the adder but do no damage.
The adder is heavily wounded.
The adder bites you but does no damage.
You barely miss the adder.
The adder is heavily wounded.
The adder bites you but does no damage. The adder barely misses you.
You barely miss the adder.
The adder is heavily wounded.
The adder closely misses you. The adder bites you.
* * * LOW HITPOINT WARNING * * *
You closely miss the adder.
The adder is heavily wounded.
The adder bites you.
You die...

J. .. .. #. #.# ##.# ##
###..####### ##.#
...##....S.....## #..#
#.#......@.....## #.<#
#...............#
...#####...............#
...#...................#
.....# ##..>...........#
...## #..............#
...# ##............##
.†.# ###...........##
...#####........#.####


You could see an adder.

Vanquished Creatures
  An adder (D:2)
  2 oozes
  3 giant cockroaches (D:1)
  7 goblins (D:1)
  3 hobgoblins (D:1)
  3 kobolds (D:1)
  6 bats (D:1)
  4 frilled lizards
  5 rats (D:1)
34 creatures vanquished.

Notes
Turn   | Place    | Note
-------+----------+-------------------------------------------
     0 | D:1      | sking99 the Naga Wanderer began the quest for the Orb.
     0 | D:1      | sking99 set off with the following items: a +0 dagger, a
                  | scroll of teleportation, a +0 robe; and the following
                  | spells available to memorise: Magic Dart, Shock, Blink,
                  | Call Imp, Slow, Mephitic Cloud, Conjure Flame
     0 | D:1      | Reached XP level 1. HP: 15/15 MP: 5/5
   608 | D:1      | Reached skill level 1 in Stealth
   720 | D:1      | Reached XP level 2. HP: 18/24 MP: 7/7
   738 | D:1      | Reached skill level 1 in Short Blades
  1003 | D:1      | Reached skill level 1 in Fighting
  1084 | D:1      | HP: 1/25 [kobold/+0 short sword (6)]
  1628 | D:1      | Reached XP level 3. HP: 25/31 MP: 8/8
  2297 | D:2      | Slain by an adder

Illustrated notes

Levels and vault maps discovered:
D:1:      arrival_zaba_pyramid, layout_basic, minmay_pentomino_t4
D:2:      layout_rooms, chequers_ecumenical_altar_simple_redux,
          amethyst_killhole

Skill      XL: |  1  2 |
---------------+-------+-----
Stealth        | 1 2 |  2.9
Short Blades   | 1 |  1.5
Fighting       | 1 |  1.7
Axes           | |  0.4
Throwing       | |  1.0
Shields        | |  1.0
Spellcasting   | |  4.0
Fire Magic     | |  1.0
Earth Magic    | |  1.0
Poison Magic   | |  2.6

Action                   || total
-------------------------++-------
Melee: Dagger            ||    72
       Short sword       ||    34
       War axe           ||    17
 Abil: Spit Poison       ||    15
 Stab: Sleeping          ||     1
Armor: Robe              ||    36
Dodge: Dodged            ||    87
